 Dungeon Crawl Stone Soup version 0.29.1-1-gd02db6906a (webtiles) character file.

Game seed: 1520516292902822687

1247 Icepheonix32 the Trooper (level 8, 0/69 (73) HPs)
             Began as a Minotaur Fighter on Sept 19, 2022.
             Was an Initiate of Dithmenos.
             Slain by an ogre
             ... wielding a +0 giant spiked club
              (10 damage)
             ... on level 5 of the Dungeon.
             The game lasted 00:05:07 (5021 turns).

Icepheonix32 the Trooper (Minotaur Fighter)         Turns: 5021, Time: 00:05:07

HP:   0/69 (73)     AC:  9    Str: 20    XL:     8   Next: 25%
MP:   7/7           EV: 14    Int:  5    God:    Dithmenos [......]
Gold: 169           SH:  5    Dex: 13    Spells: 7/7 levels left

rFire   + . .      SeeInvis .   C - +5 mace
rCold   . . .      Faith    .   c - +0 buckler
rNeg    . . .      Spirit   .   b - +0 scale mail
rPois   .          Reflect  .   (helmet restricted)
rElec   .          Harm     .   (no cloak)
rCorr   .          Rampage  .   k - +0 pair of gloves
Will    .....                   (no boots)
Stlth   ..........              (no amulet)
HPRegen 0.21/turn               e - +4 ring of evasion
MPRegen 0.10/turn               f - ring of protection from fire

@: drained
A: horns 2, retaliatory headbutt
a: Renounce Religion


You were on level 5 of the Dungeon.
You worshipped Dithmenos.
Dithmenos was noncommittal.
You visited 2 branches of the dungeon, and saw 7 of its levels.

You collected 217 gold pieces.
You spent 48 gold pieces at shops.

Inventory:

Hand Weapons
 a - a +0 war axe
 t - a +2 mace of protection
 C - a +5 mace (weapon)
Missiles
 D - a throwing net (quivered)
Armour
 b - a +0 scale mail (worn)
 c - a +0 buckler (worn)
 k - a +0 pair of gloves (worn)
 r - a +0 tower shield
Jewellery
 e - a +4 ring of evasion (left hand)
 f - a ring of protection from fire (right hand)
Scrolls
 h - 6 scrolls of teleportation
 i - 2 scrolls of amnesia {unknown}
 j - 12 scrolls of identify {unknown}
 l - a scroll of enchant armour {unknown}
 m - 2 scrolls of immolation {unknown}
 s - 5 scrolls of vulnerability {unknown}
 u - a scroll of magic mapping {unknown}
 v - 2 scrolls of noise
 w - a scroll of summoning {unknown}
 x - 2 scrolls of fear {unknown}
 y - a scroll of poison {unknown}
 B - 3 scrolls of blinking {unknown}
Potions
 g - a potion of brilliance {unknown}
 o - a potion of attraction {unknown}
 p - 2 potions of cancellation {unknown}
 q - 2 potions of magic {unknown}
 z - a potion of degeneration {unknown}
 A - 2 potions of berserk rage {unknown}
 E - a potion of flight {unknown}


   Skills:
 * Level 7.3 Fighting
 - Level 3.5(5.6) Axes
 + Level 6.8(7.2) Maces & Flails
 + Level 6.4 Armour
 + Level 1.6 Dodging
 + Level 0.4 Stealth
 + Level 4.9 Shields


You had 7 spell levels left.
You didn't know any spells.
Your spell library contained the following spells:

 Spells                   Type           Power      Damage    Failure   Level
 Magic Dart               Conj           0%         1d3       87%         1
 Searing Ray              Conj           0%         2d4       95%         2
 Fulminant Prism          Conj/Hex       0%         3d6       100%        4


Dungeon Overview and Level Annotations

Branches:
Dungeon (6/15)             Temple (1/1) D:4

Altars:
Ashenzari
Cheibriados
Dithmenos
Elyvilon
Gozag
Hepliaklqana
Kikubaaqudgha
Makhleb
Ru
Trog
Vehumet
Wu Jian
Xom
Yredelemnul
Zin
The Shining One

Shops:
D:1 *   D:3 *

Annotations:
D:4 1 runed translucent door, Crazy Yiuf


Innate Abilities, Weirdness & Mutations

You have a pair of horns on your head.
You reflexively headbutt those who attack you in melee.


Message History

The wight hits you with a +1 hand axe of freezing!
* * * LOW HITPOINT WARNING * * *
You feel drained.
* * * LOW HITPOINT WARNING * * *
The wight freezes you.
* * * LOW HITPOINT WARNING * * *
The wight hits you with a +1 hand axe of freezing.
* * * LOW HITPOINT WARNING * * *
You feel drained.
* * * LOW HITPOINT WARNING * * *
The wight freezes you.
* * * LOW HITPOINT WARNING * * *
It was a potion of heal wounds.
You feel much better.
The wight hits you with a +1 hand axe of freezing!
The wight freezes you.
You sock the wight!
The wight is almost destroyed.
The wight misses you.
You hit the wight.
You destroy the wight!
Dithmenos accepts your kill. The wight closely misses you.
You barely miss the ogre. You headbutt the ogre.
The ogre is lightly wounded.
The ogre closely misses you. The wight closely misses you.
The orc closely misses you. The ogre attacks as you move away!
The ogre barely misses you. You furiously retaliate!
You headbutt the ogre. You closely miss the orc. Your headbutt misses the orc.
The orc is moderately wounded.
The orc closely misses you.
You thump the ogre!
The ogre is heavily wounded.
The ogre hits you with a +0 giant spiked club!
* * * LOW HITPOINT WARNING * * *
The wight closely misses you. The orc closely misses you.
You sock the ogre!
The ogre is almost dead.
The ogre hits you with a +0 giant spiked club!
You die...

##.................).<...........
####.........###..)..........>..
####.......###.........###...
###......##.........####..
####### ####....##..............
##.....## ####....#.............
#.......# #.####z.).............
#.......# #..##oO#####.....#####
#.......# #....@.# ###..## #
#.......# ###....## ####
##......###.....##
##......#......##
####...........# .#####.........#
# #..#..........## #
##...........## # ###....)...##
##


You could see an ogre, a wight and an orc.

Vanquished Creatures
  Sigmund (D:5)
  2 ogres
  A scorpion (D:5)
  2 necrophages (D:4)
  4 wights
  A hound (D:6)
  2 orc priests (D:5)
  An iguana (D:5)
  A gnoll bouda (D:4)
  A human zombie (D:4)
  2 orc wizards
  2 hound zombies (D:4)
  3 mummies (D:4)
  7 gnolls
  8 adders
  A shadow imp (D:5)
  2 adder zombies (D:4)
  A worm (D:2)
  2 dart slugs (D:1)
  15 orcs
  8 endoplasms
  4 giant cockroaches
  6 goblins
  A hobgoblin (D:2)
  3 jackals (D:4)
  2 quokkas (D:1)
  4 ball pythons
  12 bats
  A frilled lizard (D:2)
  5 kobolds
  2 rats
107 creatures vanquished.

Vanquished Creatures (others)
  2 fungi (D:4)
  A plant (D:3)
3 creatures vanquished.

Grand Total: 110 creatures vanquished

Notes
Turn   | Place    | Note
-------+----------+-------------------------------------------
     0 | D:1      | Icepheonix32 the Minotaur Fighter began the quest for the
                  | Orb.
     0 | D:1      | Reached XP level 1. HP: 19/19 MP: 0/0
   145 | D:1      | Found Zeasienu's General Store.
   179 | D:1      | Reached skill level 4 in Fighting
   371 | D:1      | Reached XP level 2. HP: 27/27 MP: 1/1
   599 | D:1      | You fall into a shaft and drop 1 floor!
   628 | D:2      | Found a faded altar of an unknown god.
   908 | D:2      | Reached XP level 3. HP: 32/34 MP: 2/2
  1351 | D:3      | Reached XP level 4. HP: 20/41 MP: 3/3
  1354 | D:3      | Reached skill level 5 in Fighting
  1563 | D:3      | Found a white marble altar of Elyvilon.
  1563 | D:3      | Found a sacrificial altar of Ru.
  1567 | D:3      | Found a shimmering altar of Xom.
  1657 | D:3      | Found Noyziep's General Store.
  1666 | D:3      | Bought a scroll of noise for 12 gold pieces
  1666 | D:3      | Bought a scroll of teleportation for 36 gold pieces
  1953 | D:3      | Found an opulent altar of Gozag.
  2421 | D:4      | Found a glowing silver altar of Zin.
  2513 | D:4      | Reached skill level 1 in Maces & Flails
  2549 | D:4      | Noticed an ogre
  2556 | D:4      | Reached XP level 5. HP: 41/48 MP: 4/4
  2561 | D:4      | Killed an ogre
  3097 | D:4      | Reached XP level 6. HP: 55/57 MP: 5/5
  3104 | D:4      | Reached skill level 6 in Fighting
  3148 | D:4      | Found a basalt altar of Yredelemnul.
  3162 | D:4      | Reached XP level 7. HP: 19/64 MP: 6/6
  3168 | D:4      | Reached skill level 1 in Dodging
  3425 | D:4      | Reached skill level 5 in Maces & Flails
  3645 | D:4      | Found a staircase to the Ecumenical Temple.
  3657 | Temple   | Entered the Ecumenical Temple
  3698 | Temple   | Became a worshipper of Dithmenos the Shadowed
  3921 | D:4      | Found a runed translucent door.
  3922 | D:4      | Noticed Crazy Yiuf
  3969 | D:5      | Entered Level 5 of the Dungeon
  3980 | D:5      | Reached skill level 5 in Armour
  3983 | D:5      | Found a bloodstained altar of Trog.
  4070 | D:5      | Noticed Sigmund
  4081 | D:5      | Killed Sigmund
  4155 | D:5      | Reached skill level 7 in Fighting
  4155 | D:5      | Reached XP level 8. HP: 60/73 MP: 7/7
  4329 | D:5      | Found an ancient bone altar of Kikubaaqudgha.
  5021 | D:5      | Slain by an ogre

Illustrated notes

Levels and vault maps discovered:
D:1:      dpeg_arrival_short_road, layout_basic, serial_shops, shop,
          minmay_misc_feat_diagonals
D:2:      layout_basic, basic_ecumenical_altar
D:3:      layout_basic, grunt_gozag_breadcrumbs, minitemple, serial_shops,
          nicolae_shop_hallway_stairs, roderic_batcave, nicolae_grassy_gnolls
D:4:      layout_basic, zin_statuary, lemuel_mausoleum_altar_yredelemnul,
          minmay_temple_entry_mini_moons, reono_crystal_passage,
          uniq_crazy_yiuf_cottage
D:5:      layout_cave_pods, lemuel_doored_altar, mainiacjoe_overflow_paths,
          uniq_sigmund
D:6:      lemuel_castle_with_subvaults [lemuel_castle_interior_carwin_2],
          layout_basic, lightli_sewer_entry_pipes, grunt_decor_mini_mirrors,
          nicolae_fountain_basement
Temple:   nicolae_temple_ecumenical_triangle

Skill      XL: |  1  2  3  4  5  6  7  8 |
---------------+-------------------------+-----
Fighting       | 4 5 6 7 |  7.3
Armour         | 4 5 6 |  6.4
Axes           | 3 |  3.5
Shields        | 4 |  4.9
Maces & Flails | 1 3 4 6 |  6.8
Dodging        | 1 |  1.6
Stealth        | |  0.4

Action                   |  1- 3 |  4- 6 |  7- 9 || total
-------------------------+-------+-------+-------++-------
Melee: War axe           |    46 |     3 |       ||    49
       Headbutt          |     7 |    20 |    20 ||    47
       Mace              |       |   125 |    90 ||   215
  Use: Potion            |       |     2 |     3 ||     5
Armor: Scale mail        |    13 |    53 |    19 ||    85
Dodge: Dodged            |    34 |    89 |    73 ||   196
Block: Buckler           |     2 |    47 |    14 ||    63
